MLB
OAKLAND ATHLETICS @ BALTIMORE ORIOLES
03/24/2044
 
TOP OF THE 1ST
Oakland Athletics batting - Pitching for Baltimore Orioles : LHP Randy Johnson Jr.
Pitching: LHP Randy Johnson Jr.
Batting: RHB Danny Murillo 0-0: SINGLE (Line Drive, 4M, EV 103.8 MPH)
Batting: SHB Ryan Langlois 0-0: Foul Ball, location: 2F
0-1: Ball
1-1: Ball
2-1: SINGLE (Groundball, 56D, EV 98.8 MPH)
Danny Murillo to second
Batting: RHB Muneo Kawachi 0-0: Ball
1-0: Ball
2-0: Called Strike
2-1: SINGLE (Groundball, 13S, EV 63.8 MPH) (infield hit)
Danny Murillo to third
Ryan Langlois to second
Batting: LHB Sakae Kasahara 0-0: Ball
1-0: Foul Ball, location: 2F
1-1: Swinging Strike
1-2: Foul Ball, location: 2F
1-2: Ball
2-2: Fly out, F7 (Flyball, 78S, EV 87.5 MPH)
Batting: SHB Bob Morales 0-0: Ball
1-0: Ball
2-0: SINGLE (Groundball, 6MD, EV 107.5 MPH)
Danny Murillo scores
Ryan Langlois to third
Muneo Kawachi to second
Runner from 3rd tries for Home, SAFE, throw by CF to home
Batting: RHB Danny Miramontes 0-0: Called Strike
0-1: Called Strike
0-2: Ball
1-2: Ball
2-2: Foul Ball, location: 2F
2-2: Ball
3-2: Fly out, F3 (Flyball, 3D, EV 82.5 MPH)
Batting: RHB Trevor Conklin 0-0: Fly out, F3 (Popup, 3S, EV 70.6 MPH)
Top of the 1st over - 2 runs, 4 hits, 0 errors, 2 left on base; Oakland 2 - Baltimore 0
BOTTOM OF THE 1ST
Baltimore Orioles batting - Pitching for Oakland Athletics : RHP Taek-gyun Kym
Pitching: RHP Taek-gyun Kym
Batting: RHB Alex Rodriguez Jr. 0-0: Ball
1-0: Swinging Strike
1-1: Ball
2-1: Ball
3-1: Base on Balls
Batting: RHB Kevin Howard 0-0: Ball
1-0: Grounds into double play, 6-4-3 (Groundball, 6, EV 98.8 MPH)
Batting: LHB Brad Pepin 0-0: Ball
1-0: Called Strike
1-1: Ball
2-1: Ball
3-1: Foul Ball, location: 2F
3-2: Fly out, F7 (Flyball, 78D, EV 105.6 MPH)
Bottom of the 1st over - 0 runs, 0 hits, 0 errors, 0 left on base; Oakland 2 - Baltimore 0
TOP OF THE 2ND
Oakland Athletics batting - Pitching for Baltimore Orioles : LHP Randy Johnson Jr.
Batting: SHB Todd Hewitt 0-0: Ball
1-0: Foul Ball, location: 2F
1-1: Ball
2-1: Ball
3-1: Base on Balls
Batting: RHB Eduardo Chavez 0-0: Called Strike
0-1: Called Strike
0-2: Strikes out looking
Batting: RHB Danny Murillo 0-0: Foul Ball, location: 2F
0-1: Ball
1-1: Foul Ball, location: 2F
1-2: Ball
2-2: Strikes out swinging
Batting: SHB Ryan Langlois 0-0: Ground out 4-3 (Groundball, 4, EV 88.8 MPH)
Top of the 2nd over - 0 runs, 0 hits, 0 errors, 1 left on base; Oakland 2 - Baltimore 0
BOTTOM OF THE 2ND
Baltimore Orioles batting - Pitching for Oakland Athletics : RHP Taek-gyun Kym
Batting: LHB Stu Sornson 0-0: Ball
1-0: Fly out, F9 (Flyball, 9D, EV 102.5 MPH)
Batting: LHB Paul Diaz 0-0: Ball
1-0: Foul Ball, location: 2F
1-1: Fly out, F7 (Flyball, 7LS, EV 91.9 MPH)
Batting: RHB Dermott Neill 0-0: Ball
1-0: Called Strike
1-1: Foul Ball, location: 2F
1-2: Strikes out swinging
Bottom of the 2nd over - 0 runs, 0 hits, 0 errors, 0 left on base; Oakland 2 - Baltimore 0
TOP OF THE 3RD
Oakland Athletics batting - Pitching for Baltimore Orioles : LHP Randy Johnson Jr.
Batting: RHB Muneo Kawachi 0-0: Ball
1-0: Foul Ball, location: 2F
1-1: Foul Ball, location: 2F
1-2: SINGLE (Groundball, 4M, EV 98.1 MPH)
Batting: LHB Sakae Kasahara 0-0: Ball
1-0: Called Strike
1-1: Foul Ball, location: 2F
1-2: Strikes out looking
Batting: SHB Bob Morales 0-0: Ball
1-0: Ball
Wild Pitch!
Muneo Kawachi to second
2-0: Fly out, F9 (Flyball, 9S, EV 85.0 MPH)
Batting: RHB Danny Miramontes 0-0: Ball
1-0: Ball
2-0: Swinging Strike
2-1: Fly out, F8 (Flyball, 8LS, EV 92.5 MPH)
Top of the 3rd over - 0 runs, 1 hit, 0 errors, 1 left on base; Oakland 2 - Baltimore 0
BOTTOM OF THE 3RD
Baltimore Orioles batting - Pitching for Oakland Athletics : RHP Taek-gyun Kym
Batting: SHB Jason Hayes 0-0: Ball
1-0: Ball
2-0: Called Strike
2-1: Ball
3-1: Base on Balls
Batting: RHB Jeremy Giesler 0-0: Ball
1-0: Called Strike
1-1: Foul Ball, location: 2F
1-2: Ball
2-2: Grounds into double play, 4-6-3 (Groundball, 13, EV 83.1 MPH)
Batting: SHB Manny Trump 0-0: Ball
1-0: Ball
2-0: Foul Ball, location: 2F
2-1: Ball
3-1: Base on Balls
Batting: RHB Alex Rodriguez Jr. 0-0: Foul Ball, location: 2F
0-1: Ball
1-1: Foul Ball, location: 2F
1-2: Ball
2-2: Ball
3-2: Base on Balls
Manny Trump to second
Batting: RHB Kevin Howard 0-0: Foul Ball, location: 2F
0-1: Ground out 4-3 (Groundball, 4, EV 90.6 MPH)
Bottom of the 3rd over - 0 runs, 0 hits, 0 errors, 2 left on base; Oakland 2 - Baltimore 0
TOP OF THE 4TH
Oakland Athletics batting - Pitching for Baltimore Orioles : LHP Randy Johnson Jr.
Batting: RHB Trevor Conklin 0-0: Fly out, F8 (Line Drive, 8RM, EV 101.3 MPH)
Batting: SHB Todd Hewitt 0-0: Called Strike
0-1: Swinging Strike
0-2: Ball
1-2: Ball
2-2: Ground out 6-3 (Groundball, 6, EV 88.1 MPH)
Batting: RHB Eduardo Chavez 0-0: Ball
1-0: Foul Ball, location: 2F
1-1: Swinging Strike
1-2: Foul Ball, location: 2F
1-2: Ground out 6-3 (Groundball, 6, EV 87.5 MPH)
Top of the 4th over - 0 runs, 0 hits, 0 errors, 0 left on base; Oakland 2 - Baltimore 0
BOTTOM OF THE 4TH
Baltimore Orioles batting - Pitching for Oakland Athletics : RHP Taek-gyun Kym
Batting: LHB Brad Pepin 0-0: Called Strike
0-1: Called Strike
0-2: Foul Ball, location: 2F
0-2: Ball
1-2: Ground out 1-3 (Groundball, 13, EV 68.1 MPH)
Batting: LHB Stu Sornson 0-0: Ball
1-0: Reached via error on a dropped throw from 1B, E1 (Groundball, 34, EV 105.6 MPH)
Batting: LHB Paul Diaz 0-0: Called Strike
0-1: Ball
1-1: SINGLE (Groundball, 34D, EV 96.9 MPH)
Stu Sornson to second
Runner from 2nd tries for 3rd, SAFE, throw by RF made to third
Paul Diaz to second
Batting: RHB Dermott Neill 0-0: Ball
1-0: Ball
2-0: SINGLE (Line Drive, 8RS, EV 90.6 MPH)
Stu Sornson scores
Paul Diaz to third
Runner from 3rd tries for Home, SAFE, throw by CF to home
Batting: SHB Jason Hayes 0-0: Ball
1-0: Swinging Strike
1-1: Foul Ball, location: 2F
1-2: Strikes out swinging
Batting: RHB Jeremy Giesler 0-0: Ball
1-0: Ball
2-0: Called Strike
2-1: Swinging Strike
2-2: Foul Ball, location: 2F
2-2: Ball
3-2: Strikes out looking
Bottom of the 4th over - 2 runs, 2 hits, 1 error, 1 left on base; Oakland 2 - Baltimore 2
TOP OF THE 5TH
Oakland Athletics batting - Pitching for Baltimore Orioles : LHP Randy Johnson Jr.
Pitching: RHP Paulo Guincho
Batting: RHB Danny Murillo 0-0: Called Strike
0-1: Ground out 5-3 (Groundball, 56, EV 105.6 MPH)
Batting: SHB Ryan Langlois 0-0: Ball
1-0: Ball
2-0: Ball
3-0: Base on Balls
Batting: RHB Muneo Kawachi 0-0: Foul Ball, location: 2F
0-1: Ball
1-1: Swinging Strike
1-2: Strikes out swinging
Batting: LHB Sakae Kasahara 0-0: Ball
1-0: Called Strike
1-1: 2-RUN HOME RUN (Flyball, 89XD, EV 111.9 MPH), Distance : 436 ft
Batting: SHB Bob Morales 0-0: Fly out, F7 (Flyball, 78D, EV 101.9 MPH)
Top of the 5th over - 2 runs, 1 hit, 0 errors, 0 left on base; Oakland 4 - Baltimore 2
BOTTOM OF THE 5TH
Baltimore Orioles batting - Pitching for Oakland Athletics : RHP Taek-gyun Kym
Pitching: RHP John Owens
Batting: SHB Manny Trump 0-0: Ball
1-0: Foul Ball, location: 2F
1-1: Ball
2-1: Called Strike
2-2: Ground out 6-3 (Groundball, 6, EV 99.4 MPH)
Batting: RHB Alex Rodriguez Jr. 0-0: Called Strike
0-1: Swinging Strike
0-2: Foul Ball, location: 2F
0-2: Hit by Pitch
Batting: RHB Kevin Howard 0-0: Called Strike
Alex Rodriguez Jr. steals 2nd base
0-1: Fly out, F8 (Line Drive, 8RD, EV 95.0 MPH)
Batting: LHB Brad Pepin 0-0: Swinging Strike
0-1: Ball
1-1: Called Strike
1-2: Ball
2-2: Foul Ball, location: 2F
2-2: Ball
3-2: Base on Balls
Batting: LHB Stu Sornson 0-0: Foul Ball, location: 2F
0-1: Foul Ball, location: 2F
0-2: Foul Ball, location: 2F
0-2: Ball
1-2: Strikes out swinging
Bottom of the 5th over - 0 runs, 0 hits, 0 errors, 2 left on base; Oakland 4 - Baltimore 2
TOP OF THE 6TH
Oakland Athletics batting - Pitching for Baltimore Orioles : RHP Paulo Guincho
Batting: RHB Danny Miramontes 0-0: Foul Ball, location: 2F
0-1: Foul Ball, location: 2F
0-2: Ball
1-2: Ground out 6-3 (Groundball, 6S, EV 90.6 MPH)
Batting: RHB Trevor Conklin 0-0: Called Strike
0-1: Ball
1-1: Fly out, F6 (Flyball, 56D, EV 87.5 MPH)
Batting: SHB Todd Hewitt 0-0: Fly out, F8 (Line Drive, 8LD, EV 86.9 MPH)
Top of the 6th over - 0 runs, 0 hits, 0 errors, 0 left on base; Oakland 4 - Baltimore 2
BOTTOM OF THE 6TH
Baltimore Orioles batting - Pitching for Oakland Athletics : RHP John Owens
Batting: LHB Paul Diaz 0-0: Called Strike
0-1: Ball
1-1: Called Strike
1-2: Foul Ball, location: 2F
1-2: Strikes out swinging
Batting: RHB Dermott Neill 0-0: Fly out, F4 (Popup, 4MS, EV 70.6 MPH)
Batting: SHB Jason Hayes 0-0: Ball
1-0: Called Strike
1-1: Swinging Strike
1-2: Strikes out looking
Bottom of the 6th over - 0 runs, 0 hits, 0 errors, 0 left on base; Oakland 4 - Baltimore 2
TOP OF THE 7TH
Oakland Athletics batting - Pitching for Baltimore Orioles : RHP Paulo Guincho
Batting: RHB Eduardo Chavez 0-0: Ball
1-0: Ball
2-0: Called Strike
2-1: Foul Ball, location: 2F
2-2: DOUBLE (Line Drive, 89M, EV 91.9 MPH)
Pitching: RHP Jay Rapini
Batting: RHB Danny Murillo 0-0: Foul Ball, location: 2F
0-1: Ball
1-1: Sac Bunt to 15S - play at first, batter OUT! 1-4
Eduardo Chavez to third
Pinch Hitting: LHB Nate Dean 0-0: Swinging Strike
0-1: Ball
1-1: SINGLE (Line Drive, 5D, EV 105.0 MPH)
Eduardo Chavez scores
Batting: RHB Muneo Kawachi 0-0: Ball
Nate Dean steals 2nd base
1-0: Ball
2-0: Called Strike
2-1: Foul Ball, location: 2F
2-2: Ball
3-2: Strikes out swinging
Pinch Hitting: RHB Justin McQuarter 0-0: Foul Ball, location: 2F
0-1: Ball
1-1: Ball
2-1: Foul Ball, location: 2F
2-2: Ball
3-2: Foul Ball, location: 2F
3-2: Fly out, F9 (Flyball, 9D, EV 93.8 MPH)
Top of the 7th over - 1 run, 2 hits, 0 errors, 1 left on base; Oakland 5 - Baltimore 2
BOTTOM OF THE 7TH
Baltimore Orioles batting - Pitching for Oakland Athletics : RHP John Owens
Pitching: RHP Tim Honaker
Now at 1B: Justin McQuarter
Now at SS: Nate Dean
Batting: RHB Jeremy Giesler 0-0: Ground out 4-3 (Groundball, 4, EV 86.9 MPH)
Batting: SHB Manny Trump 0-0: Called Strike
0-1: Foul Ball, location: 2F
0-2: Ground out 6-3 (Groundball, 6, EV 101.9 MPH)
Pinch Hitting: RHB Saimei Kudo 0-0: Ball
1-0: Ball
2-0: Ball
3-0: Called Strike
3-1: Fly out, F7 (Flyball, 7LS, EV 85.6 MPH)
Bottom of the 7th over - 0 runs, 0 hits, 0 errors, 0 left on base; Oakland 5 - Baltimore 2
TOP OF THE 8TH
Oakland Athletics batting - Pitching for Baltimore Orioles : RHP Jay Rapini
Now at SS: Saimei Kudo
Pinch Hitting: LHB Tony Vitela 0-0: Ball
1-0: Foul Ball, location: 2F
1-1: Foul Ball, location: 2F
1-2: Ball
2-2: Strikes out swinging
Batting: RHB Danny Miramontes 0-0: Ball
1-0: Called Strike
1-1: Ball
2-1: Ground out 5-3 (Groundball, 56S, EV 65.0 MPH)
Pinch Hitting: RHB Javier Garcia 0-0: Ball
1-0: Foul Ball, location: 2F
1-1: Swinging Strike
1-2: Fly out, F6 (Flyball, 5D, EV 80.6 MPH)
Top of the 8th over - 0 runs, 0 hits, 0 errors, 0 left on base; Oakland 5 - Baltimore 2
BOTTOM OF THE 8TH
Baltimore Orioles batting - Pitching for Oakland Athletics : RHP Tim Honaker
Now at 3B: Javier Garcia
Now in LF: Jorge Bernal
Pinch Hitting: RHB Andres Leon 0-0: Ball
1-0: Called Strike
1-1: Foul Ball, location: 2F
1-2: Foul Ball, location: 2F
1-2: Ground out 5-3 (Groundball, 56S, EV 85.0 MPH)
Pitching: LHP Michael Twigg
Pinch Hitting: RHB Marc Peckermark 0-0: Ball
1-0: Swinging Strike
1-1: Ball
2-1: Ground out 4-3 (Groundball, 4S, EV 91.9 MPH)
Pinch Hitting: LHB Gabe Pace 0-0: Ball
1-0: Ball
2-0: SINGLE (Flyball, 6D, EV 89.4 MPH)
Pinch Hitting: RHB Ruben Garza 0-0: SINGLE (Groundball, 4MD, EV 95.6 MPH)
Gabe Pace to second
Runner from 2nd tries for 3rd, OUT! 8-5
Bottom of the 8th over - 0 runs, 2 hits, 0 errors, 1 left on base; Oakland 5 - Baltimore 2
TOP OF THE 9TH
Oakland Athletics batting - Pitching for Baltimore Orioles : RHP Jay Rapini
Pitching: RHP Tim Bemish
Now at 2B: Ruben Garza
Now at 3B: Saimei Kudo
Now at SS: Andres Leon
Now in LF: Gabe Pace
Now in CF: Marc Peckermark
Pinch Hitting: SHB Robert Handy 0-0: Ball
1-0: Foul Ball, location: 2F
1-1: Swinging Strike
1-2: Ball
2-2: Foul Ball, location: 2F
2-2: Ball
3-2: Base on Balls
Pinch Hitting: RHB Sébastien Piat 0-0: Ball
1-0: Sac Bunt to 15 - play at first, batter OUT! 1-4
Robert Handy to second
Batting: RHB Danny Murillo 0-0: Ball
1-0: Ball
2-0: Fly out, F9 (Flyball, 9, EV 85.0 MPH)
Batting: LHB Nate Dean 0-0: Fly out, F9 (Flyball, 9D, EV 80.0 MPH)
Top of the 9th over - 0 runs, 0 hits, 0 errors, 1 left on base; Oakland 5 - Baltimore 2
BOTTOM OF THE 9TH
Baltimore Orioles batting - Pitching for Oakland Athletics : LHP Michael Twigg
Pitching: RHP Kyle Ehret
Now at C: Robert Handy
Now at 2B: Sébastien Piat
Batting: LHB Bob Melley 0-0: Called Strike
0-1: Foul Ball, location: 2F
0-2: Ball
1-2: Ball
2-2: Fly out, F7 (Line Drive, 7D, EV 95.6 MPH)
Pinch Hitting: RHB Vince Jackson 0-0: Foul Ball, location: 2F
0-1: Foul Ball, location: 2F
0-2: Ball
1-2: Foul Ball, location: 2F
1-2: Ball
2-2: Ball
3-2: Strikes out swinging
Pinch Hitting: RHB Casey Nelligan 0-0: Foul Ball, location: 2F
0-1: Ball
1-1: Ball
2-1: Foul Ball, location: 2F
2-2: Foul Ball, location: 2F
2-2: Ball
3-2: Foul Ball, location: 2F
3-2: Foul Ball, location: 2F
3-2: SINGLE (Groundball, 6MD, EV 97.5 MPH)
Batting: SHB Manny Trump 0-0: Called Strike
0-1: Ball
1-1: Fly out, F9 (Flyball, 89M, EV 82.5 MPH)
Bottom of the 9th over - 0 runs, 1 hit, 0 errors, 1 left on base; Oakland 5 - Baltimore 2
Thursday, March 31st , 2022 - OOTP Baseball 22.12 Build 89